 Dungeon Crawl Stone Soup version 0.17.1-3-g152610e (webtiles) character file.

3664 dobroeutro the Blocker (level 10, -9/64 HPs)
             Began as a Gargoyle Fighter on Apr 25, 2016.
             Was a Priest of Okawaru.
             Mangled by an ogre
             ... wielding a +0 giant spiked club
              (23 damage)
             ... on level 8 of the Dungeon.
             The game lasted 00:18:59 (7697 turns).

dobroeutro the Blocker (Gargoyle Fighter)           Turns: 7697, Time: 00:19:00

Health: -9/64      AC: 18    Str: 21    XL:     10   Next: 12%
Magic:  10/10      EV:  8    Int: 10    God:    Okawaru [***...]
Gold:   559        SH: 12    Dex: 10    Spells: 0 memorised, 9 levels left

rFire  + . .     SeeInvis .     f - +2 spear (flame)
rCold  . . .     Clarity  .     F - +1 scale mail {rF+}
rNeg   + . .     SustAt   .     c - +1 shield
rPois  ∞         Gourm    .     (no helmet)
rElec  +         Spirit   .     H - +0 cloak (curse)
rCorr  .         Warding  .     u - +0 pair of gloves
rMut   .         Stasis   .     (no boots)
MR     .....                    (no amulet)
Stlth  +.........               (no ring)
                                q - ring of stealth

@: not resistant to hostile enchantments, very unstealthy
A: negative energy resistance 1, electricity resistance, unbreathing,
petrification resistance, rot immunity, AC +7
a: Heroism, Renounce Religion


You were on level 8 of the Dungeon.
You worshipped Okawaru.
Okawaru was most pleased with you.
You were hungry.

You visited 2 branches of the dungeon, and saw 10 of its levels.

You collected 559 gold pieces.

Inventory:

Hand Weapons
 a - a +0 flail
 f - a +2 spear of flaming (weapon)
 t - a +1 whip of electrocution
Missiles
 m - 8 javelins (quivered)
Armour
 c - a +1 shield (worn)
 u - a +0 pair of gloves (worn)
 F - a +1 scale mail of fire resistance (worn)
 H - a cursed +0 cloak (worn)
Jewellery
 q - a ring of stealth (left hand)
Wands
 h - a wand of heal wounds (4)
 C - a wand of digging (14)
Scrolls
 p - 2 scrolls of remove curse
 r - 3 scrolls of enchant armour
 s - a scroll of blinking {unknown}
 w - a scroll of enchant weapon {unknown}
 x - 2 scrolls of fear
 y - 3 scrolls of identify
 B - a scroll of amnesia {unknown}
 G - a scroll of teleportation
Potions
 d - a potion of might
 g - a potion of poison
 i - 2 potions of haste
 k - a potion of lignification
 n - 3 potions of magic
 o - a potion of flight
 v - 4 potions of brilliance {unknown}
 z - a potion of resistance {unknown}
 D - a potion of agility {unknown}
Comestibles
 e - 5 bread rations
 j - 5 meat rations
 l - 9 slices of pizza
 A - a royal jelly
 E - 2 beef jerkies


   Skills:
 + Level 8.3 Fighting
 + Level 7.7 Maces & Flails
 + Level 8.1 Armour
 + Level 8.6 Shields


You had 9 spell levels left.
You didn't know any spells.

Dungeon Overview and Level Annotations

Branches:
Dungeon (9/15)             Temple (1/1) D:4
   Lair: D:8-11         Orc: D:9-12

Altars:
Ashenzari
Cheibriados
Dithmenos
Elyvilon
Fedhas
Gozag
Kikubaaqudgha
Makhleb
Nemelex Xobeh
Okawaru
Qazlal
Ru
Sif Muna
Trog
Vehumet
Xom
Yredelemnul
Zin
The Shining One


Innate Abilities, Weirdness & Mutations

You are resistant to torment.
Your stone body is resilient (AC +7).
You are immune to poison.
You resist negative energy.
You are resistant to electric shocks.
You can survive without breathing.
You are immune to petrification.
You are immune to rotting.


Message History

You block the ogre's attack.
You see here an adder corpse.
There is a stone staircase leading up here.
You block the ogre's attack.
You climb upwards.
There is a stone staircase leading down here.
You barely miss the ogre. You block the ogre's attack.
You hit the ogre. You burn the ogre.
The ogre is lightly wounded.
The ogre hits you with a giant spiked club.
* * * LOW HITPOINT WARNING * * *
You hit the ogre but do no damage.
The ogre is lightly wounded.
You barely miss the ogre.
The ogre is lightly wounded.
The ogre hits you but does no damage.
You barely miss the ogre.
The ogre is lightly wounded.
The ogre hits you with a giant spiked club!!
You die...

###...8...8...##
##.............##
'...8...⌠...8.._#
##.............##
###...8...8...## ##.........### #
##.......##.##### #
#...#...#......## #### #
#####...#...#...@...## #..# #
.)..#..###..#....O...# ##..######
##..#..#.#..#......#.###...?#....
#..#.##.##.#...............#....
#..#_#...#_#...............#....
#..###...###...............(....
#....p....[................##.#.
#........###.####.#..##.......##
#........###.# #.....p.........


You could see an ogre.

Vanquished Creatures
  Pikel (D:8)
  The ghost of dobroeutro the Shield-Bearer, a novice GrFi (D:4)
  A human (D:7)
  2 water moccasins
  3 orc warriors
  An ice beast (D:8)
  2 sky beasts
  2 ogres (D:5)
  A necrophage (D:8)
  2 centaurs
  A crocodile (D:8)
  3 giant frogs
  2 big kobolds
  4 killer bees (D:7)
  A scorpion (D:6)
  A hound (D:4)
  2 crimson imps (D:5)
  A quasit (D:7)
  3 orc wizards
  A centaur skeleton (D:4)
  2 jellies (D:6)
  2 iguanas
  2 orc priests
  A worker ant (D:6)
  4 sheep (D:7)
  A hound skeleton (D:6)
  10 gnolls
  9 adders
  2 shadow imps
  An ooze (D:3)
  2 adder skeletons
  5 worms
  3 giant geckos
  18 orcs
  2 ball pythons (D:2)
  6 bats
  5 giant cockroaches
  7 hobgoblins
  2 quokkas (D:4)
  A giant gecko skeleton (D:4)
  4 giant newts
  9 goblins
  7 kobolds
  2 quokka skeletons
  12 rats
154 creatures vanquished.

Vanquished Creatures (others)
  A hippogriff (D:8)
  An ogre (D:8)
  A crimson imp (D:8)
  2 hounds (D:8)
  A jelly (D:8)
  A hound zombie (D:8)
  An adder (D:8)
  A quokka zombie (D:8)
9 creatures vanquished.

Grand Total: 163 creatures vanquished

Notes
Turn   | Place    | Note
--------------------------------------------------------------
     0 | D:1      | dobroeutro the Gargoyle Fighter began the quest for the Orb.
     0 | D:1      | Reached XP level 1. HP: 14/14 MP: 1/1
    84 | D:1      | Reached XP level 2. HP: 17/19 MP: 2/2
   520 | D:2      | Reached XP level 3. HP: 15/24 MP: 3/3
   726 | D:2      | Reached skill level 4 in Shields
   746 | D:2      | Reached XP level 4. HP: 24/29 MP: 4/4
   751 | D:2      | Found a faded altar to an unknown god.
  1247 | D:3      | Noticed a centaur
  1267 | D:3      | HP: 1/29 [centaur/arrow (5)]
  1276 | D:3      | Killed a centaur
  1276 | D:3      | Reached XP level 5. HP: 3/34 MP: 5/5
  1608 | D:3      | Found a sparkling altar of Nemelex Xobeh.
  2145 | D:4      | Reached XP level 6. HP: 39/39 MP: 6/6
  2524 | D:4      | Noticed dobroeutro's ghost (novice GrFi)
  2550 | D:4      | Killed dobroeutro's ghost
  2550 | D:4      | Reached skill level 5 in Fighting
  2550 | D:4      | Reached skill level 5 in Armour
  2550 | D:4      | Reached skill level 5 in Shields
  2550 | D:4      | Reached XP level 7. HP: 11/44 MP: 7/7
  2661 | D:4      | Found a white marble altar of Elyvilon.
  2870 | D:4      | Found a staircase to the Ecumenical Temple.
  2879 | Temple   | Entered the Ecumenical Temple
  2990 | Temple   | Became a worshipper of Warmaster Okawaru
  3097 | D:5      | Entered Level 5 of the Dungeon
  3574 | D:6      | Reached skill level 5 in Maces & Flails
  3574 | D:6      | Reached XP level 8. HP: 15/51 MP: 8/8
  3868 | D:6      | Reached * piety under Okawaru
  3915 | D:6      | Reached skill level 6 in Shields
  4006 | D:6      | Found a shattered altar of Ashenzari.
  5403 | D:6      | Reached ** piety under Okawaru
  5403 | D:6      | Reached skill level 7 in Shields
  5446 | D:7      | Reached XP level 9. HP: 53/56 MP: 9/9
  5541 | D:7      | Found a glowing golden altar of the Shining One.
  6144 | D:8      | Noticed Pikel
  6540 | D:8      | Killed Pikel
  6540 | D:8      | Reached *** piety under Okawaru
  6540 | D:8      | Reached skill level 8 in Fighting
  6922 | D:8      | Reached XP level 10. HP: 50/64 MP: 10/10
  7165 | D:8      | Found a burning altar of Makhleb.
  7180 | D:8      | Found a radiant altar of Vehumet.
  7204 | D:8      | Found a shattered altar of Ashenzari.
  7484 | D:8      | Found a stormy altar of Qazlal.
  7484 | D:8      | Found a bloodstained altar of Trog.
  7484 | D:8      | Found a deep blue altar of Sif Muna.
  7496 | D:8      | Found a snail-covered altar of Cheibriados.
  7500 | D:8      | Found a shimmering altar of Xom.
  7697 | D:8      | Mangled by an ogre

Action                   |  1- 3 |  4- 6 |  7- 9 | 10-12 || total
-------------------------+-------+-------+-------+-------++-------
Melee: Flail             |   131 |   200 |   130 |       ||   461
       Spear             |       |       |   518 |   104 ||   622
  Use: Scroll            |       |     7 |     6 |       ||    13
       Potion            |       |     2 |     6 |       ||     8
  Eat: Chunk             |       |     6 |    13 |       ||    19
       Bread ration      |       |       |     1 |       ||     1
